 Dungeon Crawl Stone Soup version 0.28-a0-691-gad6df49e81 (webtiles) character file.

Game seed: 17443806063569332064

1690 ytrimaz the Cleaver (level 9, 0/68 HPs)
             Began as a Formicid Fighter on Oct 22, 2021.
             Was a Follower of Okawaru.
             Succumbed to a killer bee's poison
             ... on level 6 of the Dungeon.
             The game lasted 00:10:14 (8317 turns).

ytrimaz the Cleaver (Formicid Fighter)              Turns: 8317, Time: 00:10:14

Health: 0/68       AC: 13    Str: 23    XL:     9   Next: 22%
Magic:  9/11       EV: 10    Int:  9    God:    Okawaru [*.....]
Gold:   267        SH:  5    Dex: 10    Spells: 8/8 levels left

rFire   . . .      SeeInvis +   a - +0 war axe
rCold   . . .      Faith    +   c - +0 buckler
rNeg    + . .      Spirit   .   m - +1 chain mail
rPois   .          Reflect  .   (helmet unavailable)
rElec   .          Harm     .   (no cloak)
rCorr   .          Rampage  .   (no gloves)
Will    .....                   (no boots)
Stlth   ..........              r - amulet of faith
HPRegen 0.21/turn               f - ring of positive energy
MPRegen 0.12/turn               (no ring)

@: mighty, lethally poisoned (0 -> -7), heroic, attractive, flying
A: permanent stasis, dig shafts and tunnels, antennae 3, four strong arms
a: Dig, Shaft Self, Renounce Religion, Heroism


You were on level 6 of the Dungeon.
You worshipped Okawaru.
Okawaru was aware of your devotion.
You visited 2 branches of the dungeon, and saw 7 of its levels.

You collected 267 gold pieces.

Inventory:

Hand Weapons
 a - a +0 war axe (weapon)
Armour
 c - a +0 buckler (worn)
 m - a +1 chain mail (worn)
Jewellery
 f - a ring of positive energy (left hand)
 r - an amulet of faith (around neck)
Wands
 b - a wand of acid (5)
 l - a wand of flame (15)
Scrolls
 n - a scroll of amnesia
 o - a scroll of enchant armour


   Skills:
 + Level 5.2(10.2) Fighting
 * Level 9.3(14.3) Axes
 + Level 6.0(11.0) Armour
 - Level 3.6(8.6) Shields
 * Level 3.0 Invocations


You had 8 spell levels left.
You didn't know any spells.
Your spell library contained the following spells:

 Spells                   Type           Power      Damage    Failure   Level
 Ensorcelled Hibernation  Hex/Ice        0%         N/A       97%         2
 Spider Form              Tmut/Pois      0%         N/A       100%        3


Dungeon Overview and Level Annotations

Branches:
Dungeon (6/15)             Temple (1/1) D:4

Altars:
Ashenzari
Cheibriados
Dithmenos
Elyvilon
Gozag
Hepliaklqana
Kikubaaqudgha
Makhleb
Nemelex Xobeh
Okawaru
Qazlal
Sif Muna
Trog
Uskayaw
Vehumet
Wu Jian
Xom
Yredelemnul
Zin
The Shining One

Annotations:
D:4 2 runed translucent doors, KoroneIsBestGirl's ghost, novice BaFi


Innate Abilities, Weirdness & Mutations

You cannot be hasted, slowed, berserked, paralysed or teleported.
You can dig through walls and to a lower floor.
You have a pair of large antennae on your head. (SInv)
Your four strong arms can wield two-handed weapons with a shield.


Message History

You are lethally poisoned!
The killer bee poisons you! The killer bee completely misses you.
It was a potion of curing.
You feel better. The killer bee barely misses you.
The killer bee closely misses you.
You are too injured to fight recklessly!
Okay, then.
Aiming: Corrosive Bolt
Press: ? - help, Shift-Dir - straight line
Okay, then.
Unknown command.
As you read the scroll labelled TIUVYIMULU, it crumbles to dust.
You feel aware of your surroundings.
It was a scroll of magic mapping.
The killer bee closely misses you. You block the killer bee's attack.
Okay, then.
There are monsters nearby!
You are too injured to fight recklessly!
You are too injured to fight recklessly!
Aiming: Throw Flame
Press: ? - help, Shift-Dir - straight line, f - killer bee
Aim: a killer bee (39% to hit)
The puff of flame hits the killer bee.
The killer bee is moderately wounded.
The killer bee stings you but does no damage.
The killer bee barely misses you.
You aren't carrying any potions.
Aiming: Throw Flame
Press: ? - help, Shift-Dir - straight line, f/p - killer bee
Aim: a killer bee (moderately wounded, 39% to hit)
The puff of flame misses the killer bee.
The puff of flame hits the killer bee!
The killer bee is heavily wounded.
The killer bee stings you but does no damage.
The killer bee stings you!
* * * LOW HITPOINT WARNING * * *
You are lethally poisoned!
The killer bee poisons you!
You aren't carrying any potions.
Unknown command.
You feel more confident with your borrowed prowess.
You die...

*,,,******,*,,,,,,,,*,*,*
*,,,* ***,****,,*,,*,*,*
*,,,* *,,,,,,,,,,,,*,*,*
*,,,****,,,*******,,*,*,*
,,,,+,,,,,,,*,,,,,,,,,*,*
*,,,****,,,,*,*****,*##,*
*,,,* ****,*,,,,,,,..,,*
*,,,*******,***####.###**
,,,,,,,,,,,>,,,#@yy...#******
,,,,*,,,,*****,####.#....,,,*
,,,,*,,,,* *,* *,#***#**,*
,,,,*,,,,*****,* *,* *,*
,**,***,,,,,,*,* *,* *,*
,**,* *,,***,*,* *<* *,*
,,*,***,,,,*,*,* *,* *,*
,,,,,,,,,,,,,*,* *,* *,*
*,,*,,,,,,**,*,* *,*******,**


You could see 2 killer bees.

Vanquished Creatures
  A water moccasin (D:5)
  2 ice beasts
  A sky beast (D:5)
  A black bear (D:4)
  An ogre (D:4)
  A necrophage (D:4)
  A scorpion (D:4)
  8 killer bees
  A howler monkey (D:5)
  2 bullfrog zombies (D:5)
  2 hounds
  A centaur skeleton (D:5)
  2 orc priests
  2 iguanas (D:4)
  2 orc wizards
  Natasha (thrice) (D:3)
  4 gnolls
  A howler monkey skeleton (D:5)
  4 adders
  An adder skeleton (D:3)
  2 worms
  2 dart slugs
  20 orcs
  4 endoplasms
  7 giant cockroaches
  8 goblins
  9 hobgoblins
  7 kobolds
  5 quokkas
  5 ball pythons
  8 frilled lizards
  12 rats
130 creatures vanquished.

Vanquished Creatures (others)
  3 fungi (D:3)
  6 plants (D:3)
9 creatures vanquished.

Grand Total: 139 creatures vanquished

Notes
Turn   | Place    | Note
-------+----------+-------------------------------------------
     0 | D:1      | ytrimaz the Formicid Fighter began the quest for the Orb.
     0 | D:1      | Reached XP level 1. HP: 18/18 MP: 1/1
   355 | D:1      | Reached XP level 2. HP: 15/24 MP: 2/2
  1180 | D:1      | Reached XP level 3. HP: 26/29 MP: 3/3
  1554 | D:3      | Reached skill level 3 in Axes
  1796 | D:3      | Reached XP level 4. HP: 24/37 MP: 4/4
  2452 | D:2      | Reached XP level 5. HP: 36/42 MP: 5/5
  2489 | D:2      | Reached skill level 4 in Axes
  3278 | D:3      | Found a broken altar of Ashenzari.
  3339 | D:3      | Noticed Natasha
  3346 | D:3      | Killed Natasha
  3347 | D:3      | Reached XP level 6. HP: 40/48 MP: 6/6
  3661 | D:3      | Reached skill level 5 in Axes
  3715 | D:3      | Noticed Natasha
  3720 | D:3      | Killed Natasha
  3922 | D:3      | Found a faded altar of an unknown god.
  4194 | D:3      | Noticed Natasha
  4203 | D:3      | Killed Natasha
  4412 | D:4      | Noticed a black bear
  4441 | D:4      | Killed a black bear
  4442 | D:4      | Reached skill level 6 in Axes
  4442 | D:4      | Reached XP level 7. HP: 19/54 MP: 7/7
  5222 | D:4      | Found a large runed translucent door.
  5222 | D:4      | Found a large runed translucent door.
  5229 | D:4      | Noticed KoroneIsBestGirl's ghost (novice BaFi)
  5373 | D:4      | Found a stormy altar of Qazlal.
  5464 | D:4      | Reached skill level 7 in Axes
  5464 | D:4      | Reached XP level 8. HP: 57/61 MP: 8/8
  5673 | D:4      | Found a staircase to the Ecumenical Temple.
  5689 | Temple   | Entered the Ecumenical Temple
  6001 | Temple   | Became a worshipper of Warmaster Okawaru
  6236 | D:4      | Reached skill level 5 in Armour
  6539 | D:5      | Entered Level 5 of the Dungeon
  6632 | D:4      | Reached skill level 1 in Invocations
  6741 | D:5      | Reached skill level 8 in Axes
  7294 | D:5      | Reached * piety under Okawaru
  7413 | D:5      | Reached skill level 5 in Fighting
  7413 | D:5      | Reached XP level 9. HP: 12/68 MP: 7/10
  7440 | D:5      | Reached skill level 9 in Axes
  8312 | D:6      | HP: 2/68 [killer bee (3)]
  8317 | D:6      | Succumbed to a killer bee's poison

Illustrated notes

Levels and vault maps discovered:
D:1:      evilmike_arrival_rings, layout_loops_corners, hangedman_glass_teeth,
          grunt_decor_fettered, minmay_pentomino_r4
D:2:      layout_loops_ring, serial_glass, glass_columns_a, glass_columns_b,
          glass_columns_b, glass_columns_a, kennysheep_potato
D:3:      layout_loops_corners, mainiacjoe_overflow_alcove_4,
          dreamdust_ecumenical_altar_grove, uniq_natasha
D:4:      layout_basic, nicolae_qazlal_general_emergency, temple_green,
          ebering_ghost_disaster_area, hangedman_decor_slide_cut,
          chequers_serial_rivers_micro_b, minmay_bisected
D:5:      layout_rooms, gup_sewer_entry_pipe, kennysheep_small_spiral
D:6:      layout_basic
Temple:   dpeg_five_rooms_temple

Skill      XL: |  1  2  3  4  5  6  7  8  9 |
---------------+----------------------------+-----
Axes           | 3 4 6 7 8 9 |  9.3
Armour         | 4 5 6 |  6.0
Fighting       | 4 5 |  5.2
Invocations    | 2 3 |  3.0
Shields        | |  3.6

Action                   |  1- 3 |  4- 6 |  7- 9 || total
-------------------------+-------+-------+-------++-------
Melee: War axe           |    92 |   192 |   251 ||   535
Invok: Heroism           |       |       |     7 ||     7
 Abil: Dig               |       |       |     3 ||     3
Evoke: Wand              |       |       |     2 ||     2
  Use: Scroll            |     3 |     3 |     3 ||     9
       Potion            |     1 |       |    13 ||    14
 Stab: Invisible         |       |       |     1 ||     1
Armor: Scale mail        |    41 |    42 |       ||    83
       Chain mail        |       |    68 |   130 ||   198
       Skin              |       |       |    45 ||    45
Dodge: Dodged            |    39 |    91 |   122 ||   252
Block: Buckler           |    16 |    46 |    84 ||   146

Table legend: (Time is in decaauts)
 A = Elapsed time spent in this place.
 B = Non-inter-level travel time spent in this place.
 C = Inter-level travel time spent in this place.
 D = Time resting spent in this place.
 E = Time spent auto-exploring this place.
 F = Levels seen in this place.
 G = Mean time per level.
                   A        B        C        D        E       F      G
               +--------+--------+--------+--------+--------+-----+--------+
         Total |   8415 |   8082 |    333 |   2411 |   4306 |   7 | 1202.1 |
       Dungeon |   8052 |   7821 |    231 |   2411 |   4058 |   6 | 1342.0 |
        Temple |    362 |    260 |    102 |      0 |    248 |   1 |  362.0 |
               +--------+--------+--------+--------+--------+-----+--------+

Top non-repeatable levels by time:
     D:4: 2103 daAuts
     D:3: 2086 daAuts
     D:1: 1495 daAuts
     D:2: 917 daAuts
     D:5: 902 daAuts
     D:6: 546 daAuts
  Temple: 362 daAuts
